 Dungeon Crawl Stone Soup version 0.29.0-4-gdea44cf6ec (webtiles) character file.

Game seed: 12699957577054829043

42 qw the Chopper (level 3, -6/29 HPs)
             Began as a Barachi Chaos Knight on Sept 6, 2022.
             Mangled by a gnoll
             ... wielding a +0 halberd
              (8 damage)
             ... on level 2 of the Dungeon.
             The game lasted 00:00:44 (1123 turns).

qw the Chopper (Barachi Chaos Knight)               Turns: 1123, Time: 00:00:45

Health: -6/29      AC:  6    Str: 15    XL:     3   Next: 54%
Magic:  3/3        EV: 11    Int: 10    God:
Gold:   42         SH:  0    Dex: 11    Spells: 2/2 levels left

rFire   . . .      SeeInvis .   Y - +0 hand axe (chaos)
rCold   . . .      Faith    .   (no shield)
rNeg    . . .      Spirit   .   b - +2 leather armour
rPois   .          Reflect  .   (no helmet)
rElec   .          Harm     .   (no cloak)
rCorr   .          Rampage  .   (no gloves)
Will    .....                   f - +0 pair of boots
Stlth   +.........              (no amulet)
HPRegen 0.00/turn               (no ring)
MPRegen 0.08/turn               (no ring)

@: about to teleport, inhibited regen, slow
A: amphibious, slowness 1, strong legs 1, +LOS, dopey 1, inhibited regeneration
a: Hop


You were on level 2 of the Dungeon.
You visited 1 branch of the dungeon, and saw 2 of its levels.

You collected 42 gold pieces.


Innate Abilities, Weirdness & Mutations

You are amphibious.
You cover ground slowly.
You can hop short distances.
You have an extended range of vision and can be seen from far away.
You are dopey. (Int -2)
You do not regenerate when monsters are visible.


   Skills:
 - Level 3.6 Fighting
 + Level 4.9 Axes
 - Level 2.4 Armour
 - Level 1.1 Dodging


You had 2 spell levels left.
You didn't know any spells.
Your spell library was empty.

Inventory:

Hand Weapons
 m - a +0 mace of draining
 Y - a +0 hand axe of chaos (weapon)
Missiles
 d - 3 boomerangs (quivered)
Armour
 b - a +2 leather armour (worn)
 f - a +0 pair of boots (worn)
Scrolls
 h - a scroll of fear {unknown}
 i - a scroll of vulnerability {unknown}
Potions
 e - a potion of might {unknown}
 g - a potion of lignification {unknown}
 k - a potion of heal wounds {unknown}
Miscellaneous
 c - a piece from Xom's chessboard (15/15)

Dungeon Overview and Level Annotations

Branches:
Dungeon (2/15)

Altars:


Message History

You see here a quokka corpse.
You open the door.
Found 4 stones.
There is an open door here.
You now have 42 gold pieces (gained 2).
A ball python comes into view.
The ball python hisses angrily.
You hear a shout! x2
A gnoll comes into view. It is wielding a +0 halberd.
A gnoll comes into view. It is wielding a +0 whip.
The gnoll shouts!
Enter note:
1114 ||| Stepping ~*~*~tactically~*~*~ (hiding).
1115 ||| Stepping ~*~*~tactically~*~*~ (hiding).
You hit the ball python.
You kill the ball python!
1117 ||| Stepping ~*~*~tactically~*~*~ (hiding).
A gnoll comes into view. It is wielding a +1 whip of venom.
The gnoll hits you with a +0 halberd.
The gnoll moves out of view.
You barely miss the gnoll. x2
The gnoll closely misses you. x2
You hit the gnoll.
The gnoll is lightly wounded.
You hit the gnoll.
The gnoll seems to speed up.
The gnoll hits you with a +0 halberd. The gnoll hits you with a +0 whip.
The gnoll hits you with a +0 halberd!
1121 ||| READING scroll of teleportation.
As you read the scroll of teleportation, it crumbles to dust.
You feel strangely unstable. The gnoll misses you.
The gnoll hits you with a +0 whip.
You barely miss the gnoll.
The gnoll is lightly wounded.
You hit the gnoll.
Space warps around the gnoll.
The gnoll closely misses you. The gnoll barely misses you.
The gnoll hits you with a +0 halberd.
You barely miss the gnoll.
The gnoll is heavily wounded.
You hit the gnoll. The gnoll hits you with a +0 halberd!
You die...
Xom guffaws!

##.#.........# #..
...#.##.......# ...
####.##......#######..
####.##.###### ......
...#.##.# #.... ...#.##.#
+..g ...#.##.# ######..
...'.##.# #....gg#
...####.# #.....@#########.
#####...# #.....%..........
#....# #.............#..
####....# #.............#
........# #....(........#
####)##.# #......###.......
#.##.# #......# .......
#.##.#######'####.......
####.##.##.####.........#..


You could see 3 gnolls.

Vanquished Creatures
  8 endoplasms
  3 giant cockroaches
  5 goblins
  A hobgoblin (D:1)
  5 quokkas
  4 ball pythons
  3 bats
  3 frilled lizards
  2 kobolds (D:1)
  2 rats
36 creatures vanquished.

Vanquished Creatures (others)
  14 plants (D:1)
14 creatures vanquished.

Grand Total: 50 creatures vanquished

Notes
Turn   | Place    | Note
-------+----------+-------------------------------------------
     0 | D:1      | qw the Barachi Chaos Knight began the quest for the Orb.
     0 | D:1      | Reached XP level 1. HP: 18/18 MP: 1/1
     0 | D:1      | 0 ||| qw: Version: 0.1-a-108-g9e35731
     0 | D:1      | 0 ||| qw: Game counter: 6284
     0 | D:1      | 0 ||| qw: Always use a shield: true
     0 | D:1      | 0 ||| qw: God list: Okawaru
     0 | D:1      | 0 ||| qw: Allow faded altars: false
     0 | D:1      | 0 ||| qw: Do Orc after D:15 true
     0 | D:1      | 0 ||| qw: Do second Lair branch before Depths: true
     0 | D:1      | 0 ||| qw: Lair rune preference: random
     0 | D:1      | 0 ||| qw: Plans: Normal
     0 | D:1      | 0 ||| PLANNING D:1-11
     0 | D:1      | Fell from the grace of Xom
    58 | D:1      | 58 ||| Stepping ~*~*~tactically~*~*~ (stealth).
    63 | D:1      | 63 ||| Stepping ~*~*~tactically~*~*~ (stealth).
    69 | D:1      | 69 ||| Stepping ~*~*~tactically~*~*~ (stealth).
    78 | D:1      | 78 ||| Stepping ~*~*~tactically~*~*~ (stealth).
    79 | D:1      | 79 ||| Stepping ~*~*~tactically~*~*~ (stealth).
    79 | D:1      | XOM: 1-stop teleportation journey
   204 | D:1      | You fall into a shaft and drop 1 floor!
   244 | D:2      | 244 ||| UPGRADING to +0 pair of boots.
   255 | D:1      | 255 ||| Stepping ~*~*~tactically~*~*~ (stealth).
   257 | D:1      | XOM: give mutations
   257 | D:1      | Gained mutation: You are dopey. (Int -2) [Xom's mischief]
   257 | D:1      | Gained mutation: You do not regenerate when monsters are
                  | visible. [Xom's mischief]
   341 | D:1      | Reached XP level 2. HP: 24/24 MP: 2/2
   352 | D:1      | 352 ||| DROPPING +0 club.
   357 | D:1      | Reached skill level 4 in Axes
   364 | D:1      | 364 ||| Stepping ~*~*~tactically~*~*~ (stealth).
   365 | D:1      | 365 ||| Stepping ~*~*~tactically~*~*~ (stealth).
   497 | D:1      | 497 ||| Stepping ~*~*~tactically~*~*~ (stealth).
   498 | D:1      | 498 ||| Stepping ~*~*~tactically~*~*~ (stealth).
   511 | D:1      | 511 ||| Stepping ~*~*~tactically~*~*~ (stealth).
   519 | D:1      | Reached XP level 3. HP: 29/29 MP: 3/3
   549 | D:1      | 549 ||| DROPPING +0 whip.
   648 | D:1      | Found a faded altar of an unknown god.
   658 | D:1      | 658 ||| Stepping ~*~*~tactically~*~*~ (stealth).
   659 | D:1      | 659 ||| Stepping ~*~*~tactically~*~*~ (stealth).
   661 | D:1      | 661 ||| Stepping ~*~*~tactically~*~*~ (hiding).
   869 | D:1      | 869 ||| READING 2 scrolls labelled XIWYCE APADY.
   872 | D:1      | 872 ||| READING 2 scrolls labelled OMYOKES LEPN.
   873 | D:1      | 873 ||| READING scroll labelled JIFEYF ICOZ.
   874 | D:1      | 874 ||| READING scroll labelled GIKKIC CIESSE.
   875 | D:1      | 875 ||| DRINKING 2 green potions.
   876 | D:1      | 876 ||| DROPPING potion of attraction.
   877 | D:1      | 877 ||| DROPPING scroll of noise.
   903 | D:2      | XOM: 5-stop teleportation journey
  1114 | D:2      | 1114 ||| Stepping ~*~*~tactically~*~*~ (hiding).
  1115 | D:2      | 1115 ||| Stepping ~*~*~tactically~*~*~ (hiding).
  1117 | D:2      | 1117 ||| Stepping ~*~*~tactically~*~*~ (hiding).
  1120 | D:2      | HP: 6/29 [gnoll/+0 halberd (12)]
  1121 | D:2      | 1121 ||| READING scroll of teleportation.
  1122 | D:2      | HP: 2/29 [gnoll/+0 halberd (3)]
  1123 | D:2      | Mangled by a gnoll

Levels and vault maps discovered:
D:1:      heliophobic_arrival_henge, layout_basic,
          ebering_ecumenical_altar_abandoned, serial_glass, glass_columns_a,
          glass_columns_c, due_unseen_surprise, serial_bayou_lagoon_b
D:2:      layout_basic

Skill      XL: |  1  2 |
---------------+-------+-----
Axes           | 4 |  4.9
Fighting       | |  3.6
Armour         | |  2.4
Dodging        | |  1.1

Action                   || total
-------------------------++-------
Melee: Hand axe          ||    52
Throw: Boomerang         ||    64
Invok: Renounce Religion ||     1
  Use: Scroll            ||     5
       Potion            ||     1
 Stab: Sleeping          ||     2
Armor: Leather armour    ||    15
Dodge: Dodged            ||    26

Table legend:
 A = Non-vault XP
 B = Vault XP
 C = Vault XP percentage of total XP
 D = Non-vault monster count
 E = Vault monster count
 F = Vault count percentage of total count
                 A         B        C        D         E       F
            +---------+---------+-------+---------+---------+-------
      Total |      60 |       0 |   0.0 |      36 |       0 |   0.0
            +---------+---------+-------+---------+---------+-------
        D:1 |      43 |       0 |   0.0 |      25 |       0 |   0.0
        D:2 |      17 |       0 |   0.0 |      11 |       0 |   0.0
            +---------+---------+-------+---------+---------+-------
